APL (24 & UNDER)
SCOTTSDALE SCORPIONS @ BEAVERTON BRONZE SOULS
08/29/2029
 
TOP OF THE 1ST
Scottsdale Scorpions batting - Pitching for Beaverton Bronze Souls : RHP Esteve Gabirra
Pitching: RHP Esteve Gabirra
Batting: LHB Tony Ayala 0-0: Ball
1-0: Called Strike
1-1: Foul Ball, location: 2F
1-2: Ball
2-2: DOUBLE (Flyball, 8LXD)
Batting: RHB José Martínez 0-0: Ball
1-0: SINGLE (Line Drive, 6MD)
Tony Ayala to third
Batting: LHB Shawn Brown 0-0: Called Strike
0-1: Foul Ball, location: 2F
0-2: Ball
1-2: Foul Ball, location: 2F
1-2: Ball
2-2: Foul Ball, location: 2F
2-2: Ball
3-2: Ground out 4-3 (Groundball, 4S)
Tony Ayala scores
José Martínez to second
Batting: RHB Javier Gonzáles 0-0: Called Strike
0-1: Ground out U3 (Groundball, 34S)
José Martínez to third
Batting: SHB Luis López 0-0: Ball
1-0: Called Strike
1-1: Ball
2-1: Called Strike
2-2: Strikes out swinging
Top of the 1st over - 1 run, 2 hits, 0 errors, 1 left on base; Scottsdale 1 - Beaverton 0
BOTTOM OF THE 1ST
Beaverton Bronze Souls batting - Pitching for Scottsdale Scorpions : RHP Allen Cronk
Pitching: RHP Allen Cronk
Batting: RHB Pedro Rivera 0-0: Called Strike
0-1: Ball
1-1: Ground out 4-3 (Groundball, 4)
Batting: LHB Manuel Félix 0-0: Ball
1-0: Foul Ball, location: 2F
1-1: Swinging Strike
1-2: Foul Ball, location: 2F
1-2: Foul Ball, location: 2F
1-2: Ball
2-2: Foul Ball, location: 2F
2-2: Strikes out swinging
Batting: RHB Cameron Irwin 0-0: Called Strike
0-1: SINGLE (Flyball, 9S)
Batting: LHB Balduíno Bruschy 0-0: Ball
1-0: Ball
2-0: Called Strike
2-1: Foul Ball, location: 2F
2-2: Foul Ball, location: 2F
2-2: Strikes out swinging
Bottom of the 1st over - 0 runs, 1 hit, 0 errors, 1 left on base; Scottsdale 1 - Beaverton 0
TOP OF THE 2ND
Scottsdale Scorpions batting - Pitching for Beaverton Bronze Souls : RHP Esteve Gabirra
Batting: LHB Clayton Bailey 0-0: Ball
1-0: Ball
2-0: Called Strike
2-1: Foul Ball, location: 2F
2-2: Strikes out swinging
Batting: SHB Juan Gonzáles 0-0: Called Strike
0-1: Ball
1-1: Foul Ball, location: 2F
1-2: Strikes out swinging
Batting: LHB Ángel De Jesús 0-0: Ball
1-0: Swinging Strike
1-1: Called Strike
1-2: Ball
2-2: Foul Ball, location: 2F
2-2: Ball
3-2: Strikes out swinging
Top of the 2nd over - 0 runs, 0 hits, 0 errors, 0 left on base; Scottsdale 1 - Beaverton 0
BOTTOM OF THE 2ND
Beaverton Bronze Souls batting - Pitching for Scottsdale Scorpions : RHP Allen Cronk
Batting: RHB Dan Cross 0-0: Called Strike
0-1: Ground out 4-3 (Groundball, 4)
Batting: RHB Burt Sharp 0-0: Ball
1-0: Ball
2-0: Called Strike
2-1: Called Strike
2-2: Strikes out swinging
Batting: RHB Jacob Glasspool 0-0: Fly out, F4 (Popup, 4S)
Bottom of the 2nd over - 0 runs, 0 hits, 0 errors, 0 left on base; Scottsdale 1 - Beaverton 0
TOP OF THE 3RD
Scottsdale Scorpions batting - Pitching for Beaverton Bronze Souls : RHP Esteve Gabirra
Batting: RHB Robinson Fernández 0-0: Fly out, F8 (Flyball, 89M)
Batting: LHB Tony Ayala 0-0: Swinging Strike
0-1: Ball
1-1: Ball
2-1: Foul Ball, location: 2F
2-2: SINGLE (Groundball, 56D)
Batting: RHB José Martínez 0-0: Ball
1-0: Fly out, F8 (Flyball, 78M)
Batting: LHB Shawn Brown 0-0: Ball
Tony Ayala is caught stealing 2nd base
Top of the 3rd over - 0 runs, 1 hit, 0 errors, 0 left on base; Scottsdale 1 - Beaverton 0
BOTTOM OF THE 3RD
Beaverton Bronze Souls batting - Pitching for Scottsdale Scorpions : RHP Allen Cronk
Batting: RHB Carlos Carrillo 0-0: Ball
1-0: Ball
2-0: Called Strike
2-1: Called Strike
2-2: Foul Ball, location: 2F
2-2: DOUBLE (Flyball, 78D)
Batting: RHB Robbie Barnes 0-0: Called Strike
0-1: Called Strike
0-2: Strikes out looking
Batting: RHB Pedro Rivera 0-0: Ball
1-0: Ball
2-0: Ground out 6-3 (Groundball, 6)
Carlos Carrillo to third
Batting: LHB Manuel Félix 0-0: Called Strike
0-1: Called Strike
0-2: Ball
1-2: Ball
2-2: Foul Ball, location: 2F
2-2: Strikes out swinging
Bottom of the 3rd over - 0 runs, 1 hit, 0 errors, 1 left on base; Scottsdale 1 - Beaverton 0
TOP OF THE 4TH
Scottsdale Scorpions batting - Pitching for Beaverton Bronze Souls : RHP Esteve Gabirra
Batting: LHB Shawn Brown 0-0: Ball
1-0: Ball
2-0: Called Strike
2-1: Swinging Strike
2-2: Strikes out swinging
Batting: RHB Javier Gonzáles 0-0: Called Strike
0-1: Ball
1-1: Ball
2-1: SINGLE (Line Drive, 56)
Batting: SHB Luis López 0-0: Foul Ball, location: 2F
0-1: Ball
1-1: Foul Ball, location: 2F
1-2: Fly out, F8 (Flyball, 8RS)
Batting: LHB Clayton Bailey 0-0: Ball
1-0: Ball
2-0: Ball
3-0: Called Strike
3-1: Called Strike
3-2: Base on Balls
Javier Gonzáles to second
Batting: SHB Juan Gonzáles 0-0: 3-RUN HOME RUN (Flyball, 9D), Distance : 360 ft
Batting: LHB Ángel De Jesús 0-0: Fly out, F8 (Flyball, 78D)
Top of the 4th over - 3 runs, 2 hits, 0 errors, 0 left on base; Scottsdale 4 - Beaverton 0
BOTTOM OF THE 4TH
Beaverton Bronze Souls batting - Pitching for Scottsdale Scorpions : RHP Allen Cronk
Batting: RHB Cameron Irwin 0-0: Ball
1-0: Ball
2-0: Ball
3-0: Called Strike
3-1: Base on Balls
Batting: LHB Balduíno Bruschy 0-0: Called Strike
0-1: Ball
1-1: Ball
2-1: Ball
3-1: Called Strike
3-2: SINGLE (Flyball, 89S)
Cameron Irwin to second
Runner from 2nd tries for 3rd, SAFE, no throw
Batting: RHB Dan Cross 0-0: Ball
1-0: Grounds into double play, 5-4-3 (Groundball, 56)
Cameron Irwin scores
Batting: RHB Burt Sharp 0-0: Ball
1-0: Ball
2-0: Ground out 3-1 (Groundball, 34)
Bottom of the 4th over - 1 run, 1 hit, 0 errors, 0 left on base; Scottsdale 4 - Beaverton 1
TOP OF THE 5TH
Scottsdale Scorpions batting - Pitching for Beaverton Bronze Souls : RHP Esteve Gabirra
Batting: RHB Robinson Fernández 0-0: Swinging Strike
0-1: Foul Ball, location: 2F
0-2: Foul Ball, location: 2F
0-2: Strikes out swinging
Batting: LHB Tony Ayala 0-0: Ball
1-0: Foul Ball, location: 2F
1-1: SINGLE (Groundball, 23) (infield hit)
Batting: RHB José Martínez 0-0: Ball
1-0: Ball
2-0: Ball
3-0: Foul Ball, location: 2F
3-1: Foul Ball, location: 2F
3-2: Base on Balls
Tony Ayala to second
Batting: LHB Shawn Brown 0-0: Called Strike
0-1: Ball
Wild Pitch!
Tony Ayala to third
José Martínez to second
1-1: Intentional Walk
Batting: RHB Javier Gonzáles 0-0: Foul Ball, location: 2F
0-1: Foul Ball, location: 2F
0-2: Ball
1-2: Strikes out swinging
Batting: SHB Luis López 0-0: Fly out, F7 (Flyball, 7LSF)
Top of the 5th over - 0 runs, 1 hit, 0 errors, 3 left on base; Scottsdale 4 - Beaverton 1
BOTTOM OF THE 5TH
Beaverton Bronze Souls batting - Pitching for Scottsdale Scorpions : RHP Allen Cronk
Batting: RHB Jacob Glasspool 0-0: Ball
1-0: Swinging Strike
1-1: Reached on error, E6 (Flyball, 56D)
Batting: RHB Carlos Carrillo 0-0: Called Strike
0-1: Ball
1-1: Called Strike
1-2: Foul Ball, location: 2F
1-2: Strikes out swinging
Batting: RHB Robbie Barnes 0-0: Foul Ball, location: 2F
0-1: Swinging Strike
0-2: Strikes out swinging
Pitching: RHP José Amaya
Batting: RHB Pedro Rivera 0-0: Called Strike
0-1: Ball
1-1: Called Strike
1-2: Foul Ball, location: 2F
1-2: Strikes out swinging
Bottom of the 5th over - 0 runs, 0 hits, 1 error, 1 left on base; Scottsdale 4 - Beaverton 1
TOP OF THE 6TH
Scottsdale Scorpions batting - Pitching for Beaverton Bronze Souls : RHP Esteve Gabirra
Batting: LHB Clayton Bailey 0-0: Ball
1-0: Called Strike
1-1: Ball
2-1: Swinging Strike
2-2: Foul Ball, location: 2F
2-2: Fly out, F3 (Flyball, 3D)
Batting: SHB Juan Gonzáles 0-0: Ball
1-0: Ball
2-0: Called Strike
2-1: Foul Ball, location: 2F
2-2: Foul Ball, location: 2F
2-2: Strikes out swinging
Batting: LHB Ángel De Jesús 0-0: Ball
1-0: Ball
2-0: SINGLE (Line Drive, 4MD)
Batting: RHB Robinson Fernández 0-0: Ball
Wild Pitch!
Ángel De Jesús to second
1-0: Ball
2-0: Called Strike
2-1: Ground out 4-3 (Groundball, 34)
Top of the 6th over - 0 runs, 1 hit, 0 errors, 1 left on base; Scottsdale 4 - Beaverton 1
BOTTOM OF THE 6TH
Beaverton Bronze Souls batting - Pitching for Scottsdale Scorpions : RHP José Amaya
Batting: LHB Manuel Félix 0-0: Ball
1-0: Ball
2-0: Called Strike
2-1: Called Strike
2-2: Fly out, F8 (Line Drive, 8LD)
Batting: RHB Cameron Irwin 0-0: Ball
1-0: SINGLE (Groundball, 34D)
Batting: LHB Balduíno Bruschy 0-0: Ball
1-0: Called Strike
1-1: Ball
2-1: DOUBLE (Line Drive, 9D)
Cameron Irwin to third
Batting: RHB Dan Cross 0-0: Fly out, F8 (Flyball, 8RXD)
Runner from 3rd tags up, SCORES, no throw
Batting: RHB Burt Sharp 0-0: Foul Ball, location: 2F
0-1: Ball
1-1: Foul Ball, location: 2F
1-2: SINGLE (Groundball, 4MD)
Balduíno Bruschy to third
Runner from 3rd tries for Home, SAFE, no throw
Batting: RHB Jacob Glasspool 0-0: Ball
1-0: Ball
2-0: Ball
3-0: Base on Balls
Burt Sharp to second
Batting: RHB Carlos Carrillo 0-0: Ball
1-0: Ball
2-0: Ball
3-0: Called Strike
3-1: Base on Balls
Burt Sharp to third
Jacob Glasspool to second
Batting: RHB Robbie Barnes 0-0: Swinging Strike
0-1: Ball
1-1: Ball
2-1: Called Strike
2-2: Strikes out swinging
Bottom of the 6th over - 2 runs, 3 hits, 0 errors, 3 left on base; Scottsdale 4 - Beaverton 3
TOP OF THE 7TH
Scottsdale Scorpions batting - Pitching for Beaverton Bronze Souls : RHP Esteve Gabirra
Batting: LHB Tony Ayala 0-0: Ball
1-0: Ball
2-0: SINGLE (Groundball, 6D)
Pinch Hitting: LHB Manny Vigil 0-0: Ball
1-0: Ball
2-0: SINGLE (Line Drive, 56D)
Tony Ayala to second
Batting: LHB Shawn Brown 0-0: Ball
1-0: Called Strike
1-1: Called Strike
1-2: Ball
2-2: Foul Ball, location: 2F
2-2: Fly out, F7 (Line Drive, 7)
Pinch Hitting: RHB Ronald Smith 0-0: Called Strike
0-1: Foul Ball, location: 2F
0-2: Ball
1-2: Foul Ball, location: 2F
1-2: Foul Ball, location: 2F
1-2: Ball
Wild Pitch!
Tony Ayala to third
Manny Vigil to second
2-2: Ball
3-2: Base on Balls
Batting: SHB Luis López 0-0: Ball
1-0: SINGLE (Groundball, 3D)
Tony Ayala scores
Manny Vigil to third
Ronald Smith to second
Runner from 3rd tries for Home, SAFE, no throw
Batting: LHB Clayton Bailey 0-0: Called Strike
0-1: Ball
1-1: Swinging Strike
1-2: Foul Ball, location: 2F
1-2: Ball
2-2: Foul Ball, location: 2F
2-2: Fielders Choice at 2nd, 4-6 (Groundball, 4)
Ronald Smith to third
Pitching: RHP Dustin Koen
Batting: SHB Juan Gonzáles 0-0: Ball
1-0: SINGLE (Groundball, 56D)
Ronald Smith scores
Clayton Bailey to second
Batting: LHB Ángel De Jesús 0-0: Ball
1-0: Ball
2-0: Ball
3-0: Called Strike
3-1: Foul Ball, location: 2F
3-2: Base on Balls
Clayton Bailey to third
Juan Gonzáles to second
Batting: RHB Robinson Fernández 0-0: Foul Ball, location: 2F
0-1: Ball
1-1: Ball
2-1: Foul Ball, location: 2F
2-2: SINGLE (Groundball, 6MD)
Clayton Bailey scores
Juan Gonzáles to third
Ángel De Jesús to second
Runner from 3rd tries for Home, SAFE, throw made home
Batting: LHB Tony Ayala 0-0: Ball
1-0: Ball
2-0: Ball
3-0: Called Strike
3-1: DOUBLE (Line Drive, 8LXD)
Ángel De Jesús scores
Robinson Fernández to third
Runner from 3rd tries for Home, SAFE, no throw
Batting: LHB Manny Vigil 0-0: Ball
1-0: Foul Ball, location: 2F
1-1: Ball
2-1: Swinging Strike
2-2: Strikes out swinging
Top of the 7th over - 7 runs, 6 hits, 0 errors, 1 left on base; Scottsdale 11 - Beaverton 3
BOTTOM OF THE 7TH
Beaverton Bronze Souls batting - Pitching for Scottsdale Scorpions : RHP José Amaya
Now at 1B: Manny Vigil
Now at SS: Ronald Smith
Now in LF: Bartolo Baruffaldi
Batting: RHB Pedro Rivera 0-0: Ground out 4-3 (Groundball, 4)
Batting: LHB Manuel Félix 0-0: Called Strike
0-1: Ball
1-1: Ball
2-1: Ball
3-1: Foul Ball, location: 2F
3-2: Foul Ball, location: 2F
3-2: TRIPLE (Flyball, 8RXD)
Batting: RHB Cameron Irwin 0-0: Ball
1-0: Ball
2-0: Ball
3-0: Base on Balls
Batting: LHB Balduíno Bruschy 0-0: Ball
1-0: Called Strike
Cameron Irwin steals 2nd base
1-1: Ball
2-1: Foul Ball, location: 2F
2-2: Foul Ball, location: 2F
2-2: Foul Ball, location: 2F
2-2: Ball
3-2: Foul Ball, location: 2F
3-2: 3-RUN HOME RUN (Flyball, 9LD), Distance : 344 ft
Pitching: RHP Carlos Martínez
Batting: RHB Dan Cross 0-0: SINGLE (Groundball, 6) (infield hit)
Batting: RHB Burt Sharp 0-0: Fly out, F7 (Flyball, 7LS)
Batting: RHB Jacob Glasspool 0-0: Fly out, F8 (Flyball, 89D)
Bottom of the 7th over - 3 runs, 3 hits, 0 errors, 1 left on base; Scottsdale 11 - Beaverton 6
TOP OF THE 8TH
Scottsdale Scorpions batting - Pitching for Beaverton Bronze Souls : RHP Dustin Koen
Batting: LHB Shawn Brown 0-0: DOUBLE (Line Drive, 9LM)
Batting: RHB Ronald Smith 0-0: SINGLE (Flyball, 89S)
Shawn Brown to third
Runner from 3rd tries for Home, SAFE, no throw
Batting: SHB Luis López 0-0: Grounds into double play, U3-6 (Groundball, 3L)
Batting: LHB Clayton Bailey 0-0: SINGLE (Line Drive, 56)
Batting: SHB Juan Gonzáles 0-0: Swinging Strike
0-1: Foul Ball, location: 2F
0-2: Foul Ball, location: 2F
0-2: Ball
1-2: Foul Ball, location: 2F
1-2: Foul Ball, location: 2F
1-2: Ball
2-2: Foul Ball, location: 2F
2-2: SINGLE (Groundball, 6MD)
Clayton Bailey to second
Batting: LHB Ángel De Jesús 0-0: SINGLE (Groundball, 4MD)
Clayton Bailey to third
Juan Gonzáles to second
Runner from 3rd tries for Home, SAFE, no throw
Batting: RHB Robinson Fernández 0-0: Ground out 1-3 (Groundball, P)
Top of the 8th over - 2 runs, 5 hits, 0 errors, 2 left on base; Scottsdale 13 - Beaverton 6
BOTTOM OF THE 8TH
Beaverton Bronze Souls batting - Pitching for Scottsdale Scorpions : RHP Carlos Martínez
Batting: RHB Carlos Carrillo 0-0: Ball
1-0: Ball
2-0: Foul Ball, location: 2F
2-1: Called Strike
2-2: Fly out, F5 (Popup, 25F)
Batting: RHB Robbie Barnes 0-0: Fly out, F9 (Line Drive, 9LD)
Batting: RHB Pedro Rivera 0-0: Ball
1-0: Foul Ball, location: 2F
1-1: Ball
2-1: Called Strike
2-2: Foul Ball, location: 2F
2-2: Ball
3-2: Foul Ball, location: 2F
3-2: Base on Balls
Batting: LHB Manuel Félix 0-0: Ball
1-0: Called Strike
1-1: Ball
2-1: Swinging Strike
2-2: Ground out U3 (Groundball, 3L)
Bottom of the 8th over - 0 runs, 0 hits, 0 errors, 1 left on base; Scottsdale 13 - Beaverton 6
TOP OF THE 9TH
Scottsdale Scorpions batting - Pitching for Beaverton Bronze Souls : RHP Dustin Koen
Batting: LHB Bartolo Baruffaldi 0-0: Ball
1-0: Swinging Strike
1-1: Foul Ball, location: 2F
1-2: Strikes out looking
Batting: LHB Manny Vigil 0-0: Swinging Strike
0-1: Ball
1-1: Swinging Strike
1-2: Foul Ball, location: 2F
1-2: Ball
2-2: SINGLE (Groundball, 4M) (infield hit)
Batting: LHB Shawn Brown 0-0: Grounds out, U3 (Groundball, 3L)
Batting: RHB Ronald Smith 0-0: Called Strike
0-1: Called Strike
0-2: Ball
1-2: Ball
2-2: Foul Ball, location: 2F
2-2: Ball
3-2: Ground out U3 (Groundball, 34)
Top of the 9th over - 0 runs, 1 hit, 0 errors, 1 left on base; Scottsdale 13 - Beaverton 6
BOTTOM OF THE 9TH
Beaverton Bronze Souls batting - Pitching for Scottsdale Scorpions : RHP Carlos Martínez
Batting: RHB Cameron Irwin 0-0: Ball
1-0: Called Strike
1-1: Ball
2-1: Foul Ball, location: 2F
2-2: Foul Ball, location: 2F
2-2: Ball
3-2: Foul Ball, location: 2F
3-2: Foul Ball, location: 2F
3-2: Ground out 6-3 (Groundball, 6)
Batting: LHB Balduíno Bruschy 0-0: Called Strike
0-1: SINGLE (Groundball, 34D)
Batting: RHB Dan Cross 0-0: Ball
1-0: 2-RUN HOME RUN (Flyball, 7LD), Distance : 341 ft
Batting: RHB Burt Sharp 0-0: Ball
1-0: Ball
2-0: Called Strike
2-1: Ball
3-1: Ground out 4-3 (Groundball, 4)
Batting: RHB Jacob Glasspool 0-0: Ball
1-0: Called Strike
1-1: Foul Ball, location: 2F
1-2: Ball
2-2: SINGLE (Line Drive, 4D)
Pitching: RHP Rick Díaz
Batting: RHB Carlos Carrillo 0-0: Ball
1-0: Ball
2-0: Ball
3-0: Base on Balls
Jacob Glasspool to second
Batting: RHB Robbie Barnes 0-0: Ball
1-0: Called Strike
1-1: Called Strike
1-2: SINGLE (Groundball, 4MD)
Jacob Glasspool to third
Carlos Carrillo to second
Pitching: LHP Perry Harris
Batting: RHB Pedro Rivera 0-0: Ball
1-0: Foul Ball, location: 2F
1-1: Fly out, F4 (Line Drive, 4)
Bottom of the 9th over - 2 runs, 4 hits, 0 errors, 3 left on base; Scottsdale 13 - Beaverton 8
Saturday, December 16th, 2017 - OOTP Baseball 18.8 Build 76